 Dungeon Crawl Stone Soup version 0.28.0-43-g3370ac3207 (webtiles) character file.

Game seed: 7266944785804528927

252 silky the Cudgeller (level 5, 0/52 HPs)
             Began as a Minotaur Chaos Knight on Mar 30, 2022.
             Was a Plaything of Xom.
             Slain by an unseen horror (7 damage)
             ... on level 6 of the Dungeon.
             The game lasted 00:09:29 (3350 turns).

silky the Cudgeller (Minotaur Chaos Knight)         Turns: 3350, Time: 00:09:30

Health: 0/52       AC:  5    Str: 19    XL:     5   Next: 89%
Magic:  4/4        EV: 11    Int:  9    God:    Xom [....*.]
Gold:   136        SH:  0    Dex: 11    Spells: 4/4 levels left

rFire   . . .      SeeInvis .   j - +4 mace
rCold   + . .      Faith    .   (no shield)
rNeg    . . .      Spirit   .   h - +0 ring mail
rPois   .          Reflect  .   (helmet restricted)
rElec   .          Harm     .   (no cloak)
rCorr   .          Rampage  .   (no gloves)
Will    .....      Clarity  +   (no boots)
Stlth   ++........              (no amulet)
HPRegen 0.17/turn               (no ring)
MPRegen 0.09/turn               (no ring)

@: about to teleport
A: horns 2, retaliatory headbutt, thin skeletal structure 1, clarity, cold
resistance 1, robust 1
a: Renounce Religion


You were on level 6 of the Dungeon.
You worshipped Xom.
You were a beloved toy of Xom.
You visited 1 branch of the dungeon, and saw 5 of its levels.

You collected 136 gold pieces.

Inventory:

Hand Weapons
 a - a +0 mace of chaos
 j - a +4 mace (weapon)
Armour
 b - a +2 leather armour
 h - a +0 ring mail (worn)
Magical Staves
 k - a staff of air
Scrolls
 c - a scroll of enchant weapon {unknown}
 d - a scroll of magic mapping
 i - a scroll of fear
Potions
 e - a potion of ambrosia {unknown}
 g - a potion of might


   Skills:
 + Level 5.2 Fighting
 + Level 5.4 Maces & Flails
 + Level 4.3 Armour
 + Level 2.0 Dodging
 + Level 0.6 Stealth


You had 4 spell levels left.
You didn't know any spells.
Your spell library contained the following spells:

 Spells                   Type           Power      Damage    Failure   Level
 Summon Small Mammal      Summ           0%         N/A       56%         1
 Tukima's Dance           Hex            0%         N/A       90%         3
 Anguish                  Hex/Necr       0%         N/A       100%        4
 Summon Ice Beast         Ice/Summ       0%         N/A       100%        4
 Enfeeble                 Hex            0%         N/A       100%        7
 Malign Gateway           Summ/Tloc      0%         N/A       100%        7


Dungeon Overview and Level Annotations

Branches:
Dungeon (4/15)             Temple (0/1) D:4

Altars:
Ashenzari
Sif Muna
Wu Jian
Xom
Zin


Innate Abilities, Weirdness & Mutations

You have a pair of horns on your head.
You reflexively headbutt those who attack you in melee.
You have a somewhat thin skeletal structure. (Dex +2, Stealth+)
You possess an exceptional clarity of mind.
Your flesh is cold resistant. (rC+)
You are robust. (+10% HP)


Message History

Found 11 stones.
Found a quarterstaff and 24 stones.
A sourceless malevolence fills the Dungeon...
You fall into a shaft and drop 2 floors!
The shaft crumbles and collapses.
You hear the sound of rushing water.
There is an entrance to a sewer on this level.
Hurry and find it before the portal rusts away!
Found a stone staircase leading up.
There is a stone staircase leading up here.
You hear the slow rusting of a very distant drain.
Found 16 stones.
You see here 16 stones.
Found a stone staircase leading down.
Found a leather armour.
An orc comes into view. It is wielding a +0 whip.
Something hits you!
Deactivating autopickup; reactivate with Ctrl-A.
The orc shouts!
You sock something! You headbutt something.
You hear an angry hiss.
Something hits you.
You hit something. Something hits you. Something hits you.
An iguana comes into view.
The iguana hisses angrily.
You sock something! Your headbutt misses something. Something hits you.
Something hits you! Something hits you.
Okay, then.
As you read the scroll of teleportation, it crumbles to dust.
You feel strangely unstable. Something hits you.
The orc hits you with a +0 whip.
* * * LOW HITPOINT WARNING * * *
Unknown command.
You sock the orc!
You kill the orc!
Something hits you.
* * * LOW HITPOINT WARNING * * *
Something hits you!
You die...

..#.. #.# ......#.#
......#.# ..≈≈≈..
......+..+..≈≈≈≈..
....#.##.≈≈≈≈≈..
.....#.PP≈≈≈..
#l.##.≈P≈≈≈..
≈..####.@##..≈≈≈≈..
≈......{.#...≈≈≈≈..
≈..###.......[≈≈≈..
#.#>##..≈P≈≈≈.
...#.##...≈≈≈#.
.....#.##.≈#≈≈≈#
......#.....# ≈≈#
......#.#...# ≈#
#.....#.##### #


You could see an iguana.

Vanquished Creatures
  Blork the orc (D:4)
  An orc wizard (D:3)
  4 adders
  An ufetubus (D:4)
  A worm (D:4)
  2 dart slugs (D:2)
  4 orcs
  7 ball pythons
  5 endoplasms
  4 giant cockroaches
  9 goblins
  6 hobgoblins (D:2)
  3 jackals (D:3)
  A quokka (D:4)
  6 bats
  7 kobolds
  A quokka skeleton (D:4)
  2 rats
65 creatures vanquished.

Vanquished Creatures (collateral kills)
  An orc priest (D:3)
  An endoplasm (D:3)
2 creatures vanquished.

Grand Total: 67 creatures vanquished

Notes
Turn   | Place    | Note
-------+----------+-------------------------------------------
     0 | D:1      | silky the Minotaur Chaos Knight began the quest for the
                  | Orb.
     0 | D:1      | Reached XP level 1. HP: 19/19 MP: 0/0
   316 | D:1      | XOM: potion effect (heal wounds)
   317 | D:1      | Reached XP level 2. HP: 27/27 MP: 1/1
   746 | D:2      | XOM: divination: detect items
   851 | D:2      | Found a shimmering blue altar of Sif Muna.
   860 | D:2      | XOM: silly message
   864 | D:2      | Reached XP level 3. HP: 31/34 MP: 2/2
   898 | D:2      | Gained mutation: You have large cloven feet. [potion of
                  | mutation]
   898 | D:2      | Gained mutation: You have an increased reservoir of magic.
                  | (+10% MP) [potion of mutation]
   898 | D:2      | Gained mutation: You are clumsy. (Dex -2) [potion of
                  | mutation]
   987 | D:2      | XOM: 6-stop teleportation journey
  1151 | D:2      | XOM: divination: detect creatures
  1209 | D:2      | Reached XP level 4. HP: 30/41 MP: 3/3
  1218 | D:2      | XOM: silly message
  1220 | D:2      | Lost mutation: You have large cloven feet. [potion of
                  | mutation]
  1220 | D:2      | Lost mutation: You have an increased reservoir of magic.
                  | (+10% MP) [potion of mutation]
  1220 | D:2      | Lost mutation: You are clumsy. (Dex -2) [potion of
                  | mutation]
  1220 | D:2      | Gained mutation: Your spells are a little harder to cast,
                  | but a little more powerful. [potion of mutation]
  1220 | D:2      | Gained mutation: You have a pair of large horns on your
                  | head. [potion of mutation]
  1220 | D:2      | Gained mutation: You are robust. (+10% HP) [potion of
                  | mutation]
  1225 | D:2      | XOM: fog
  1253 | D:2      | XOM: give mutations
  1253 | D:2      | Gained mutation: You possess an exceptional clarity of
                  | mind. [Xom's mischief]
  1253 | D:2      | Lost mutation: Your spells are a little harder to cast, but
                  | a little more powerful. [Xom's mischief]
  1253 | D:2      | Lost mutation: You have a pair of large horns on your head.
                  | [Xom's mischief]
  1519 | D:2      | XOM: scenery: create altars
  1741 | D:3      | XOM: divination: detect creatures
  1747 | D:3      | Reached skill level 5 in Fighting
  1747 | D:3      | Reached XP level 5. HP: 14/52 MP: 4/4
  1771 | D:3      | XOM: cloud trail
  1904 | D:3      | XOM: give mutations
  1904 | D:3      | Gained mutation: You have a somewhat thin skeletal
                  | structure. (Dex +2, Stealth+) [Xom's grace]
  1904 | D:3      | Gained mutation: Your flesh is cold resistant. (rC+) [Xom's
                  | grace]
  1995 | D:3      | Got the Catalogue of the Entourage
  2051 | D:3      | Reached skill level 5 in Maces & Flails
  2460 | D:4      | Found a shimmering altar of Xom.
  2466 | D:4      | Noticed an angel
  2470 | D:4      | Found a glowing silver altar of Zin.
  2708 | D:4      | Found a staircase to the Ecumenical Temple.
  2710 | D:4      | Noticed Blork the orc
  2720 | D:4      | Killed Blork the orc
  3101 | D:4      | XOM: god gift: gnarled runed staff {god gift}
  3233 | D:4      | Found a broken altar of Ashenzari.
  3237 | D:4      | Saw a vision of the Shoals and the Spider Nest.
  3237 | D:4      | Noticed a wolf spider
  3237 | D:4      | Noticed a wolf spider
  3237 | D:4      | Noticed a redback
  3237 | D:4      | Noticed a redback
  3237 | D:4      | Noticed a wolf spider
  3237 | D:4      | Noticed a hornet
  3237 | D:4      | Noticed a wind drake
  3237 | D:4      | Noticed a sea snake
  3237 | D:4      | Noticed a centaur
  3237 | D:4      | Noticed a wind drake
  3237 | D:4      | Noticed a merfolk
  3237 | D:4      | Noticed a wind drake
  3237 | D:4      | Noticed a merfolk siren
  3237 | D:4      | Noticed a merfolk siren
  3237 | D:4      | Noticed a merfolk
  3238 | D:4      | Noticed a wolf spider
  3260 | D:4      | Found an ornate altar of the Wu Jian Council.
  3264 | D:4      | You fall into a shaft and drop 2 floors!
  3350 | D:6      | Slain by an unseen horror

Illustrated notes

Levels and vault maps discovered:
D:1:      minmay_arrival_jagged, layout_rooms
D:2:      cheibrodos_helix_gallery, layout_basic, basic_altar, st_stairs_8
D:3:      layout_rooms, nrook_campfire, grunt_ministairs_3
D:4:      layout_basic, nzn_wu_jian_contemplation, grunt_ashenzari_visionary
          [grunt_ashenzari_visionary_shoals, grunt_ashenzari_visionary_spider],
          grunt_temple_overflow_order_and_chaos_1, minmay_temple_entry_statues,
          chequers_serial_rivers_large_a, uniq_blork_the_orc
D:6:      layout_basic, general_overflow_altar,
          grunt_dithmenos_smoke_and_mirrors, nicolae_hepliaklqana_hazy_memory,
          portal_sewer_entry_b, chequers_serial_rivers_small_b,
          chequers_big_river, wad_floor_pattern_1, serial_park_tiny_pond,
          uniq_prince_ribbit1

Skill      XL: |  1  2  3  4  5 |
---------------+----------------+-----
Fighting       | 4 5 |  5.2
Maces & Flails | 4 5 |  5.4
Armour         | 3 4 |  4.3
Dodging        | 2 |  2.0
Stealth        | |  0.6

Action                   |  1- 3 |  4- 6 || total
-------------------------+-------+-------++-------
Melee: Mace              |    59 |    83 ||   142
       Headbutt          |     4 |    11 ||    15
       Punch             |     2 |       ||     2
       Kick              |     6 |     1 ||     7
  Use: Scroll            |     3 |     5 ||     8
       Potion            |     3 |     2 ||     5
 Stab: Sleeping          |       |     2 ||     2
Armor: Leather armour    |    18 |     9 ||    27
       Ring mail         |       |    15 ||    15
Dodge: Dodged            |    46 |    41 ||    87
